 Dungeon Crawl Stone Soup version 0.23.2-1-ga50397a (webtiles) character file.

Game seed: 6590246674822287542

54 diana the Skirmisher (level 3, -1/29 HPs)
             Began as a Demonspawn Gladiator on Apr 24, 2019.
             Slain by an adder (2 damage)
             ... on level 2 of the Dungeon.
             The game lasted 00:01:03 (838 turns).

diana the Skirmisher (Demonspawn Gladiator)          Turns: 838, Time: 00:01:04

Health: -1/29      AC:  5    Str: 15    XL:     3   Next: 66%
Magic:  3/3        EV: 11    Int:  9    God:
Gold:   56         SH:  0    Dex: 14    Spells: 2/2 levels left

rFire    + . .     SeeInvis .   a - +0 long sword
rCold    + . .     Gourm    .   (no shield)
rNeg     . . .     Faith    .   k - +0 ring mail
rPois    +         Spirit   .   (helmet restricted)
rElec    +         Reflect  .   (no cloak)
rCorr    +         Harm     .   (no gloves)
MR       .....                  (no boots)
Stlth    +.........             (no amulet)
HPRegen  0.09/turn              (no ring)
MPRegen  0.08/turn              (no ring)

@: lethally poisoned (-1 -> -5), resistant
A: horns 2
a: no special abilities


You were on level 2 of the Dungeon.
You were not hungry.

You visited 1 branch of the dungeon, and saw 2 of its levels.

You collected 56 gold pieces.

Inventory:

Hand Weapons
 a - a +0 long sword (weapon)
Missiles
 d - 3 throwing nets (quivered)
Armour
 b - a +0 leather armour
 c - a +0 helmet
 k - a +0 ring mail (worn)
Scrolls
 g - 5 scrolls of teleportation {unknown}
 i - a scroll of remove curse {unknown}
 j - 3 scrolls of identify {unknown}
 m - a scroll of enchant weapon {unknown}
 n - a scroll of blinking {unknown}
Potions
 h - a potion of flight {unknown}
 l - a potion of resistance
Comestibles
 f - 3 rations


   Skills:
 * Level 3.5 Fighting
 + Level 3.2 Long Blades
 - Level 1.7 Throwing
 - Level 2.6 Dodging


You had 2 spell levels left.
You didn't know any spells.
Your spell library was empty.

Dungeon Overview and Level Annotations

Branches:
Dungeon (2/15)

Altars:


Innate Abilities, Weirdness & Mutations

You have a pair of horns on your head.


Message History

The kobold is severely wounded.
You hit the adder but do no damage.
The adder is almost dead.
The bat hits you but does no damage. The adder closely misses you.
The kobold hits you.
* * * LOW HITPOINT WARNING * * *
Unknown command.
You closely miss the adder. Your headbutt misses the adder.
The adder is almost dead.
The bat closely misses you. The adder misses you. The adder bites you.
* * * LOW HITPOINT WARNING * * *
You are lethally poisoned!
The adder poisons you! The kobold hits you but does no damage.
Unknown command.
You closely miss the adder.
The adder is almost dead.
* * * LOW HITPOINT WARNING * * *
You feel sick. The bat closely misses you.
You riposte.
You barely miss the bat. Your headbutt misses the bat. The adder bites you.
You die...

.# ##..#
##.#.##.. #.# #.#
#...####.#..#.#
#.#
.#<#.......##.#.#
...
#..#..#######.#.#
### ##.#..#
#...## ####.#..#
#....# ........#
#..#.# #####...#
#..#.# #...# #)@#
# #####...#
#...K.S.....#
...<....#
#.##b!#?.....
#####.#.# #
#..#.#.... #.#.#
#..# . ... #.#.#
#?.# ## .# #.#.#
#..# # ..... ...#
###


You could see an adder, a bat and a kobold.

Vanquished Creatures
  Jessica (D:2)
  5 goblins (D:1)
  7 hobgoblins
  2 kobolds (D:1)
  5 bats
  3 frilled lizards
  2 rats
25 creatures vanquished.

Notes
Turn   | Place    | Note
-------+----------+-------------------------------------------
     0 | D:1      | diana the Demonspawn Gladiator began the quest for the Orb.
     0 | D:1      | Reached XP level 1. HP: 16/16 MP: 1/1
   250 | D:1      | Gained mutation: You have a pair of small horns on your
                  | head. [demonic ancestry]
   250 | D:1      | Reached XP level 2. HP: 19/23 MP: 2/2
   821 | D:2      | Noticed Jessica
   829 | D:2      | Killed Jessica
   829 | D:2      | Gained mutation: You have a pair of horns on your head.
                  | [demonic ancestry]
   829 | D:2      | Reached XP level 3. HP: 16/29 MP: 3/3
   838 | D:2      | HP: 1/29 [poisoned by an adder]
   838 | D:2      | Slain by an adder

Skill      XL: |  1  2 |
---------------+-------+-----
Long Blades    | 3 |  3.2
Fighting       | 3 |  3.5
Throwing       | |  1.7
Dodging        | |  2.6

Action                   || total
-------------------------++-------
Melee: Long sword        ||    61
       Headbutt          ||    10
  Use: Potion            ||     2
Armor: Leather armour    ||    17
       Ring mail         ||    34
Dodge: Dodged            ||    90
       Rpst.: Long sword ||    30
